 Dungeon Crawl Stone Soup version 0.29-a0-375-g5102b3be25 (webtiles) character file.

Game seed: 551208736809378806

34 zishaf the Gusty (level 3, -2/20 HPs)
             Began as a Tengu Air Elementalist on May 3, 2022.
             Slain by an adder (4 damage)
             ... on level 2 of the Dungeon.
             The game lasted 00:02:29 (1307 turns).

zishaf the Gusty (Tengu Air Elementalist)           Turns: 1307, Time: 00:02:29

Health: -2/20      AC:  2    Str:  8    XL:     3   Next: 31%
Magic:  1/7        EV: 12    Int: 17    God:
Gold:   50         SH:  0    Dex: 14    Spells: 2/6 levels left

rFire   . . .      SeeInvis .   b - +0 whip
rCold   . . .      Faith    .   (no shield)
rNeg    . . .      Spirit   .   j - +0 robe
rPois   .          Reflect  .   (helmet restricted)
rElec   .          Harm     .   (no cloak)
rCorr   .          Rampage  .   (no gloves)
Will    .....                   (boots unavailable)
Stlth   ++........              (no amulet)
HPRegen 0.06/turn               (no ring)
MPRegen 0.10/turn               (no ring)

@: lethally poisoned (-2 -> -18)
A: beak, talons 3
a: no special abilities


You were on level 2 of the Dungeon.
You visited 1 branch of the dungeon, and saw 2 of its levels.

You collected 50 gold pieces.

Inventory:

Hand Weapons
 a - a +0 hunting sling
 b - a +0 whip (weapon)
Armour
 j - a +0 robe (worn)
Scrolls
 c - 2 scrolls of immolation {unknown}
 d - a scroll of silence {unknown}
 f - a scroll of brand weapon {unknown}
 g - a scroll of poison {unknown}
 m - a scroll of blinking {unknown}
Potions
 e - a potion of magic
 h - a potion of curing {unknown}
 i - 2 potions of heal wounds {unknown}
 k - a potion of ambrosia {unknown}
 l - a potion of berserk rage {unknown}


   Skills:
 + Level 1.2 Fighting
 - Level 2.1 Dodging
 - Level 2.0 Stealth
 + Level 2.0 Spellcasting
 - Level 2.0 Conjurations
 * Level 5.1 Air Magic


You had 2 spell levels left.
You knew the following spells:

 Your Spells              Type           Power      Damage    Failure   Level
a - Shock                 Conj/Air       52%        1d6       4%          1
b - Swiftness             Air            19%        N/A       7%          3

Your spell library contained the following spells:

 Spells                   Type           Power      Damage    Failure   Level
 Static Discharge         Conj/Air       13%        N/A       7%          2
 Airstrike                Air            9%         N/A       24%         4


Dungeon Overview and Level Annotations

Branches:
Dungeon (2/15)

Altars:

Shops:
D:1 =


Innate Abilities, Weirdness & Mutations

You have a beak for a mouth.
You have claws for feet.


Message History

Casting: Shock (safe; 4% risk of failure)
Confirm with . or Enter, or press ? or * to list all spells.
Aiming: Shock (safe; 4% risk of failure)
Press: ? - help, Shift-Dir - straight line, f/p - adder
Aim: an adder (severely wounded, 48% to hit)
The zap misses the adder.
The adder barely misses you. The adder misses you.
Casting: Shock (safe; 4% risk of failure)
Confirm with . or Enter, or press ? or * to list all spells.
Aiming: Shock (safe; 4% risk of failure)
Press: ? - help, Shift-Dir - straight line, f/p - adder
Aim: an adder (severely wounded, 48% to hit)
The zap misses the adder.
The adder bites you.
You are poisoned.
The adder poisons you!
b - a +0 whip (weapon)
You feel sick. The adder bites you.
You are lethally poisoned!
The adder poisons you!
You closely miss the adder.
The adder is severely wounded.
You feel very sick. The adder closely misses you.
You are too injured to fight recklessly!
You are too injured to fight recklessly!
You are too injured to fight recklessly!
You barely miss the adder. Your kick misses the adder.
The adder is severely wounded.
You feel sick. The adder bites you.
* * * LOW HITPOINT WARNING * * *
You are more poisoned.
The adder poisons you!
You barely miss the adder.
The adder is severely wounded.
* * * LOW HITPOINT WARNING * * *
You feel very sick. The adder bites you.
* * * LOW HITPOINT WARNING * * *
You are more poisoned.
The adder poisons you! The adder bites you.
You die...

..# ..#
.. #.####
.<..####
....).###
#.......#
#@....#
#S....(..
#.....#.<
......#
#.[...#
#.....#
#####.#
.#


You could see an adder.

Vanquished Creatures
  4 ball pythons (D:1)
  3 endoplasms (D:1)
  5 goblins
  3 hobgoblins
  4 quokkas
  3 bats
  2 frilled lizards (D:1)
  2 kobolds (D:1)
  3 rats (D:1)
29 creatures vanquished.

Notes
Turn   | Place    | Note
-------+----------+-------------------------------------------
     0 | D:1      | zishaf the Tengu Air Elementalist began the quest for the
                  | Orb.
     0 | D:1      | Reached XP level 1. HP: 10/10 MP: 4/4
   263 | D:1      | Reached XP level 2. HP: 16/16 MP: 6/6
   554 | D:1      | Reached skill level 1 in Fighting
   665 | D:1      | Reached XP level 3. HP: 20/20 MP: 7/7
   672 | D:1      | Learned a level 3 spell: Swiftness
   676 | D:1      | Found Nijatser's Jewellery Shop.
   688 | D:1      | Found a faded altar of an unknown god.
   880 | D:2      | Reached skill level 5 in Air Magic
  1307 | D:2      | Slain by an adder

Illustrated notes

Levels and vault maps discovered:
D:1:      dpeg_arrival_central, layout_basic, ebering_ecumenical_altar_ruins,
          serial_shops, shop, minmay_tromino_i4
D:2:      minmay_razor_zed, layout_rooms, st_stairs_13,
          grunt_decor_mini_mirrors, hangedman_decor_riveting,
          roderic_serpentine_path, uniq_terence

Skill      XL: |  1  2  3 |
---------------+----------+-----
Conjurations   | 2 |  2.0
Fighting       | 1 |  1.2
Air Magic      | 5 |  5.1
Dodging        | |  2.1
Stealth        | |  2.0
Spellcasting   | |  2.0

Action                   || total
-------------------------++-------
Melee: Unarmed           ||     6
       Peck              ||     6
       Kick              ||     6
       Whip              ||    28
 Fire: Hunting sling     ||    32
 Cast: Shock             ||    14
 Stab: Sleeping          ||     2
Armor: Robe              ||    12
Dodge: Dodged            ||    31

Table legend: (Time is in decaauts)
 A = Elapsed time spent in this place.
 B = Non-inter-level travel time spent in this place.
 C = Inter-level travel time spent in this place.
 D = Time resting spent in this place.
 E = Time spent auto-exploring this place.
 F = Levels seen in this place.
 G = Mean time per level.
                   A        B        C        D        E       F      G
               +--------+--------+--------+--------+--------+-----+--------+
         Total |   1324 |   1169 |    155 |      0 |    964 |   2 |  662.0 |
       Dungeon |   1324 |   1169 |    155 |      0 |    964 |   2 |  662.0 |
               +--------+--------+--------+--------+--------+-----+--------+

Top non-repeatable levels by time:
     D:1: 904 daAuts
     D:2: 420 daAuts
